 Dungeon Sprint DCSS version 0.21-a0-110-g8e1637b (webtiles) character file.

1190 HallandMoats the Warrior (level 8, -5/87 HPs)
             Began as a Mummy Fighter on July 10, 2017.
             Was a Believer of Okawaru.
             Killed from afar by a gargoyle (10 damage)
             ... with a stone arrow
             ... in the Dungeon (Sprint IX: "|||||||||||||||||||||||||||||").
             The game lasted 00:02:06 (744 turns).

HallandMoats the Warrior (Mummy Fighter)             Turns: 744, Time: 00:02:07

Health: -5/87      AC:  9    Str: 22    XL:     8   Next: 20%
Magic:  6/8        EV:  3    Int:  7    God:    Okawaru [**....]
Gold:   0          SH:  9    Dex: 14    Spells: 7/7 levels left

rFire    x . .     SeeInvis .   a - +2 scimitar (elec)
rCold    + . .     Gourm    .   c - +0 shield
rNeg     + + +     Faith    .   k - +0 plate armour
rPois    ∞         Spirit   .   (no helmet)
rElec    .         Reflect  .   i - +0 cloak
rCorr    .         Harm     .   (no gloves)
MR       +....     NoTele   +   j - +0 pair of boots
Stlth    ..........             (no amulet)
HPRegen  0.24/turn              h - +3 ring of strength
MPRegen  0.11/turn              (no ring)

@: corroded
A: no food or potions, fire vulnerability, cold resistance 1, negative energy
resistance 3, torment resistance, unbreathing
a: Heroism, Renounce Religion


You were in the Dungeon.
You worshipped Okawaru.
Okawaru was pleased with you.
You were not hungry.

You visited 1 branch

Inventory:

Hand Weapons
 a - a +2 scimitar of electrocution (weapon)
 b - a +0 dagger
Armour
 c - a +0 shield (worn)
 i - a +0 cloak (worn)
 j - a +0 pair of boots (worn)
 k - a +0 plate armour (worn)
Jewellery
 h - a +3 ring of strength (left hand)
Wands
 e - a wand of lightning (7/15)
Scrolls
 d - 2 scrolls of amnesia
 f - 3 scrolls of remove curse


   Skills:
 * Level 17.0 Fighting
 - Level 1.5 Long Blades
 - Level 2.4 Armour
 - Level 2.4 Shields


You had 7 spell levels left.
You didn't know any spells.

Dungeon Overview and Level Annotations

Branches:
Dungeon (1/1)

Altars:
Cheibriados
Dithmenos
Elyvilon
Fedhas
Gozag
Hepliaklqana
Kikubaaqudgha
Makhleb
Nemelex Xobeh
Okawaru
Qazlal
Ru
Sif Muna
Trog
Uskayaw
Vehumet
Wu Jian
Xom
Yredelemnul
Zin
The Shining One
Beogh
Jiyva
Lugonu


Innate Abilities, Weirdness & Mutations

You do not eat or drink.
Your flesh is vulnerable to fire.
You are immune to poison.
Your flesh is cold resistant. (rC+)
You are immune to negative energy. (rN+++)
You are immune to unholy pain and torment.
You can survive without breathing.


Message History

* * * LOW HITPOINT WARNING * * *
You hit the yak.
The yak is heavily wounded.
The yak gores you but does no damage.
You slash the yak!
The yak is severely wounded.
You block the yak's attack. x2
Your shield and plate armour prevent you from hitting the yak.
The yak is severely wounded.
The yak gores you.
* * * LOW HITPOINT WARNING * * *
You slash the yak!
You kill the yak!
Okawaru accepts your kill.
Your Fighting skill increases to level 17!
You block the gargoyle's attack.
You hit the gargoyle but do no damage.
The gargoyle hurls a stone arrow at you.
The stone arrow hits you!
You die... ▓▓▓▓▓▓▓▓▓▓▓▓▓▓▓▓▓▓▓▓▓▓▓▓▓▓▓▓▓▓▓▓ +.....)†(.....9@.)..)|.!'_______ ▓▓▓▓▓▓▓▓▓▓▓▓▓▓▓▓▓▓▓▓▓▓▓▓▓▓▓▓▓▓▓▓

You could see a gargoyle.

Vanquished Creatures
  A centaur warrior (D)
  A yak (D)
  A sky beast (D)
  A black bear (D)
  2 bullfrogs (D)
  A jelly (D)
  An iguana (D)
  An adder (D)
  An ooze (D)
  An adder zombie (D)
  An adder skeleton (D)
  A dart slug (D)
  A leopard gecko (D)
  2 orcs (D)
  A bat (D)
  A bat zombie (D)
  A hobgoblin (D)
  A quokka (D)
  A frilled lizard (D)
21 creatures vanquished.

Notes
Turn   | Place    | Note
-------+----------+-------------------------------------------
     0 | D        | HallandMoats the Mummy Fighter began the quest for the Orb.
     0 | D        | Reached XP level 1. HP: 18/18 MP: 1/1
     6 | D        | Reached skill level 4 in Fighting
    15 | D        | Reached skill level 5 in Fighting
    15 | D        | Reached XP level 2. HP: 24/27 MP: 2/2
    25 | D        | Noticed a sky beast
    30 | D        | Found a roughly hewn altar of Beogh.
    30 | D        | Found a snail-covered altar of Cheibriados.
    30 | D        | Found a shadowy altar of Dithmenos.
    30 | D        | Found a white marble altar of Elyvilon.
    30 | D        | Found a blossoming altar of Fedhas.
    30 | D        | Found an opulent altar of Gozag.
    31 | D        | Found a hazy altar of Hepliaklqana.
    32 | D        | Found a viscous altar of Jiyva.
    33 | D        | Found an ancient bone altar of Kikubaaqudgha.
    34 | D        | Found a corrupted altar of Lugonu.
    35 | D        | Found a burning altar of Makhleb.
    36 | D        | Found a sparkling altar of Nemelex Xobeh.
    37 | D        | Found an iron altar of Okawaru.
    38 | D        | Found a stormy altar of Qazlal.
    39 | D        | Found a sacrificial altar of Ru.
    40 | D        | Found a deep blue altar of Sif Muna.
    41 | D        | Found a bloodstained altar of Trog.
    42 | D        | Found a hide-covered altar of Uskayaw.
    43 | D        | Found a radiant altar of Vehumet.
    44 | D        | Found an ornate altar of the Wu Jian Council.
    45 | D        | Became a worshipper of Warmaster Okawaru
    46 | D        | Found a shimmering altar of Xom.
    47 | D        | Found a basalt altar of Yredelemnul.
    48 | D        | Found a glowing silver altar of Zin.
    49 | D        | Found a glowing golden altar of the Shining One.
   362 | D        | Reached skill level 6 in Fighting
   363 | D        | Reached XP level 3. HP: 31/35 MP: 3/3
   371 | D        | Killed a sky beast
   371 | D        | Reached skill level 10 in Fighting
   371 | D        | Reached XP level 4. HP: 14/47 MP: 4/4
   598 | D        | Noticed a bullfrog
   603 | D        | Killed a bullfrog
   603 | D        | Reached * piety under Okawaru
   603 | D        | Reached skill level 11 in Fighting
   603 | D        | Reached XP level 5. HP: 49/56 MP: 5/5
   707 | D        | Noticed a gargoyle
   707 | D        | Noticed a yak
   707 | D        | Noticed a centaur warrior
   707 | D        | Noticed a black bear
   711 | D        | Killed a black bear
   711 | D        | Reached skill level 13 in Fighting
   711 | D        | Reached XP level 6. HP: 53/66 MP: 6/6
   723 | D        | Killed a centaur warrior
   723 | D        | Reached ** piety under Okawaru
   723 | D        | Reached skill level 16 in Fighting
   723 | D        | Reached XP level 7. HP: 15/79 MP: 7/7
   732 | D        | Reached XP level 8. HP: 10/86 MP: 5/8
   743 | D        | Reached skill level 17 in Fighting
   744 | D        | Killed from afar by a gargoyle

Vault maps used:
D:        linesprint

Skill      XL: |  1  2  3  4  5  6  7  8 |
---------------+-------------------------+-----
Fighting       | 5 6 10 11 13 16 17 | 17.0
Long Blades    | |  1.5
Armour         | |  2.4
Shields        | |  2.4

Action                   |  1- 3 |  4- 6 |  7- 9 || total
-------------------------+-------+-------+-------++-------
Melee: Long sword        |    15 |       |       ||    15
       Scimitar          |    24 |    31 |    11 ||    66
Invok: Heroism           |       |       |     1 ||     1
  Use: Scroll            |     2 |       |       ||     2
Armor: Scale mail        |    18 |       |       ||    18
       Plate armour      |       |    20 |     7 ||    27
Dodge: Dodged            |    12 |     1 |       ||    13
Block: Shield            |    20 |    20 |     5 ||    45
       Rpst.: Scimitar   |     2 |     1 |       ||     3
       Long sword        |     2 |       |       ||     2
